 Dungeon Crawl Stone Soup version 0.26.1-12-g5ba1501909 (webtiles) character file.

Game seed: 15204251370672767732

389 OfficerJojo the Skirmisher (level 6, 0/40 HPs)
             Began as a Gargoyle Monk on Oct 8, 2021.
             Was a Believer of Wu Jian.
             Slain by an ogre
             ... wielding a +0 giant club
              (17 damage)
             ... on level 4 of the Dungeon.
             The game lasted 00:15:47 (3898 turns).

OfficerJojo the Skirmisher (Gargoyle Monk)          Turns: 3898, Time: 00:15:47

Health: 0/40       AC: 15    Str: 16    XL:     6   Next: 79%
Magic:  6/6        EV:  8    Int: 11    God:    Wu Jian [**....]
Gold:   62         SH:  0    Dex: 12    Spells: 5/5 levels left

rFire    . . .     SeeInvis .   p - +2 falchion (freeze)
rCold    . . .     Faith    .   (no shield)
rNeg     + . .     Spirit   .   q - +0 chain mail
rPois    ∞         Reflect  .   t - +1 helmet
rElec    +         Harm     .   (no cloak)
rCorr    .         Rampage  .   k - +0 pair of gloves
Will     .....                  (no boots)
Stlth    ..........             (no amulet)
HPRegen  0.13/turn              (no ring)
MPRegen  0.10/turn              (no ring)

@: no status effects
A: negative energy resistance 1, electricity resistance, unbreathing,
petrification resistance, miasma immunity, AC +4
a: Renounce Religion, Wall Jump


You were on level 4 of the Dungeon.
You worshipped Wu Jian.
Wu Jian was pleased with you.
You visited 1 branch of the dungeon, and saw 4 of its levels.

You collected 62 gold pieces.

Inventory:

Hand Weapons
 o - a cursed +0 whip
 p - a +2 falchion of freezing (weapon)
Missiles
 j - 5 silver boomerangs (quivered)
Armour
 a - a +0 robe
 k - a +0 pair of gloves (worn)
 q - a +0 chain mail (worn)
 t - a +1 helmet (worn)
Jewellery
 h - a cursed -4 ring of strength
 l - an uncursed ring of willpower
Scrolls
 b - 3 scrolls of identify
 c - a scroll of teleportation {unknown}
 d - a scroll of enchant armour
 e - 2 scrolls of magic mapping
 n - a scroll of enchant weapon
 r - a scroll of blinking
 s - a scroll of amnesia {unknown}
Potions
 f - a potion of curing {unknown}
 g - a potion of mutation {unknown}
 i - a potion of flight
 m - a potion of might {unknown}


   Skills:
 + Level 4.8 Fighting
 + Level 0.3 Long Blades
 + Level 0.8 Armour
 * Level 4.0 Dodging
 + Level 4.0 Stealth
 + Level 4.2 Unarmed Combat


You had 5 spell levels left.
You didn't know any spells.
Your spell library was empty.

Dungeon Overview and Level Annotations

Branches:
Dungeon (4/15)
 Temple: D:4-7

Altars:
Sif Muna
Wu Jian


Innate Abilities, Weirdness & Mutations

You are resistant to torment.
Your stone body is resilient. (AC +4)
You are immune to poison.
You resist negative energy. (rN+)
You are resistant to electric shocks. (rElec)
You can survive without breathing.
You are immune to petrification.
You are immune to miasma.


Message History

The Council accepts your kill.
Aiming: Wall Jump
Press: ? - help, Dir - move target You attack the giant cockroach from above.
Your chain mail prevents you from hitting the giant cockroach.
You attack the ogre from above.
You barely miss the ogre. The giant cockroach misses you.
You riposte.
You hit the giant cockroach. You freeze the giant cockroach.
You kill the giant cockroach!
The Council accepts your kill. The ogre hits you with a +0 giant club!
You hit the ogre. You freeze the ogre.
The ogre is lightly wounded.
The ogre hits you but does no damage.
The orc wizard hits you but does no damage.
Unknown command.
You slash the ogre! You freeze the ogre.
The ogre is heavily wounded.
The ogre hits you with a +0 giant club!
You die...

######### #.......#######
##* #.#####.......# *#.#*
#.# #######.# **,#.#####.#
#.# *,###.oo@O.# #.#
###.#.####### #.#
#.....o.## #.#
#....oo..##############.#
#..#.##..##.....##......#
#........##........######
#..##.#..##.....#..####***
#.......>##.....#..#..,,,,
##.......##.....#..#.#****


You could see an ogre and 2 orc wizards.

Vanquished Creatures
  An ogre (D:4)
  A scorpion (D:4)
  A howler monkey (D:4)
  An orc priest (D:3)
  A worker ant (D:4)
  An iguana (D:4)
  8 adders
  An adder skeleton (D:4)
  A dart slug (D:3)
  4 leopard geckos
  5 orcs
  3 giant cockroaches
  9 goblins
  3 hobgoblins
  4 jackals (D:3)
  7 bats
  10 frilled lizards
  4 kobolds
65 creatures vanquished.

Notes
Turn   | Place    | Note
-------+----------+-------------------------------------------
     0 | D:1      | OfficerJojo the Gargoyle Monk began the quest for the Orb.
     0 | D:1      | Reached XP level 1. HP: 14/14 MP: 1/1
   118 | D:1      | Reached XP level 2. HP: 10/19 MP: 2/2
   904 | D:1      | You fall into a shaft and drop 1 floor!
   958 | D:2      | Reached XP level 3. HP: 12/24 MP: 3/3
  1237 | D:2      | Found a shimmering blue altar of Sif Muna.
  1237 | D:2      | Found an ornate altar of the Wu Jian Council.
  1244 | D:2      | Became a worshipper of the Wu Jian Council
  1244 | D:2      | Reached * piety under Wu Jian
  1244 | D:2      | Reached ** piety under Wu Jian
  1835 | D:3      | Reached XP level 4. HP: 27/29 MP: 4/4
  2195 | D:3      | Reached XP level 5. HP: 29/33 MP: 5/5
  2247 | D:3      | You fall into a shaft and drop 1 floor!
  2278 | D:4      | Noticed an ogre
  3209 | D:4      | Noticed an ogre
  3300 | D:4      | Killed an ogre
  3301 | D:4      | Reached XP level 6. HP: 39/39 MP: 6/6
  3898 | D:4      | Slain by an ogre

Illustrated notes

Levels and vault maps discovered:
D:1:      scummos_arrival_forest, layout_basic
D:2:      layout_rooms, gammafunk_temple_overflow_statue
D:3:      layout_rooms
D:4:      layout_loops_cross

Skill      XL: |  1  2  3  4  5  6 |
---------------+-------------------+-----
Fighting       | 4 |  4.8
Dodging        | 3 4 |  4.0
Stealth        | 3 4 |  4.0
Unarmed Combat | 4 |  4.2
Long Blades    | |  0.3
Armour         | |  0.8

Action                   |  1- 3 |  4- 6 || total
-------------------------+-------+-------++-------
Melee: Unarmed           |   158 |   153 ||   311
       Punch             |     2 |     4 ||     6
       Falchion          |       |    21 ||    21
Throw: Boomerang         |       |     1 ||     1
Invok: Whirlwind         |     8 |     9 ||    17
       Lunge             |     1 |     5 ||     6
 Abil: Wall Jump         |     3 |    12 ||    15
  Use: Scroll            |     5 |     2 ||     7
       Potion            |       |     1 ||     1
 Stab: Sleeping          |     3 |       ||     3
Armor: Robe              |    51 |    35 ||    86
       Chain mail        |       |    14 ||    14
Dodge: Dodged            |   112 |   108 ||   220
       Rpst.: Falchion   |       |     2 ||     2
